 Dungeon Crawl Stone Soup version 0.15.1-3-g1b33baa (webtiles) character file.

2874 CrazyArbalest the Slinger (level 10, -27/63 HPs)
             Began as a Halfling Fighter on Oct 7, 2014.
             Was a Believer of Makhleb.
             Killed from afar by a centaur (37 damage)
             ... with an exploding inner flame
             ... hexed by the player character
             ... on Level 9 of the Dungeon.
             The game lasted 00:56:38 (9004 turns).

CrazyArbalest the Slinger (Halfling Fighter)        Turns: 9004, Time: 00:56:38

HP -27/63        AC 12     Str 23      XL: 10   Next:  5%
MP  10/10        EV 11     Int 10      God: Makhleb [**....]
Gold 558         SH  6     Dex 15 (18) Spells:  0 memorised,  9 levels left

rFire  . . .     SeeInvis .     b - +0 hunting sling
rCold  . . .     Clarity  .     l - +0 scale mail (curse)
rNeg   . . .     rCorr    .     c - +0 buckler
rPois  .         rRot     .     x - +1 helmet {Int+3}
rElec  .         Spirit   .     G - +0 cloak (curse)
SustAb .         Warding  .     (no gloves)
rMut   .         Stasis   .     r - +0 pair of boots (curse)
Gourm  .                        (no amulet)
MR     .....                    I - cursed +3 ring of strength
                                p - +4 ring of strength

@: about to teleport, not resistant to hostile enchantments, extremely
unstealthy
A: mutation resistance 1
a: Minor Destruction, Renounce Religion


You were on level 9 of the Dungeon.
You worshipped Makhleb.
Makhleb was pleased with you.
You were very hungry.

You visited 2 branches of the dungeon, and saw 10 of its levels.
You also visited: Ossuary.

You collected 558 gold pieces.

Inventory:

Hand weapons
 a - a +0 cutlass
 b - a +0 hunting sling (weapon)
 E - a +0 vampiric dagger
Missiles
 f - 183 stones
 s - 36 sling bullets (quivered)
Armour
 c - a +0 buckler (worn)
 l - a cursed +0 scale mail (worn)
 r - a cursed +0 pair of boots (worn)
 x - a +1 helmet of intelligence (worn)
 G - a cursed +0 cloak (worn)
 J - a +3 ring mail
 S - a +0 pair of gloves
Magical devices
 i - a wand of confusion (6)
 y - a wand of cold (5)
 C - a wand of fireball (0)
Comestibles
 d - 4 bread rations
 h - a fruit
 k - 5 meat rations
 K - a royal jelly
Scrolls
 g - 11 scrolls of identify
 j - 6 scrolls of immolation
 m - 2 scrolls of enchant armour {unknown}
 n - a scroll of recharging {unknown}
 o - 5 scrolls of remove curse
 t - 3 scrolls of enchant weapon {unknown}
 v - a scroll of magic mapping {unknown}
 z - 3 scrolls of teleportation
 B - 2 scrolls of fear {unknown}
 O - 6 scrolls of random uselessness
 P - a scroll of fog {unknown}
 R - a scroll of noise {unknown}
 T - a scroll of amnesia {unknown}
Jewellery
 p - a +4 ring of strength (left hand)
 H - an uncursed ring of sustain abilities {unknown}
 I - a cursed +3 ring of strength (right hand)
 V - an uncursed ring of stealth {unknown}
Potions
 e - 3 potions of might
 q - 7 potions of poison
 u - a potion of curing
 w - 3 potions of restore abilities {unknown}
 A - 4 potions of haste
 F - a potion of cancellation {unknown}
 L - 3 potions of confusion {unknown}
 M - 4 potions of degeneration {unknown}
 N - a potion of cure mutation {unknown}
 Q - 2 potions of lignification {unknown}


   Skills:
 + Level 3.4 Fighting
 + Level 4.3 Short Blades
 * Level 14.3 Slings
 + Level 5.4 Armour
 + Level 4.0 Dodging
 + Level 0.9 Stealth
 + Level 5.1 Shields
 + Level 0.2 Evocations


You had 9 spell levels left.
You didn't know any spells.

Dungeon Overview and Level Annotations

Branches:
Dungeon (9/15)             Temple (1/1) D:6
    Orc: D:9-12        Lair: D:8-11

Altars:
Ashenzari
Cheibriados
Dithmenos
Elyvilon
Fedhas
Kikubaaqudgha
Makhleb
Nemelex Xobeh
Okawaru
Qazlal
Sif Muna
Trog
Vehumet
Xom
Yredelemnul
Zin
The Shining One


Innate Abilities, Weirdness & Mutations

You are small and have problems with some larger weapons.
You are somewhat resistant to further mutation.


Message History

Press: ? - help, Shift-Dir - straight line, f/p - centaur
Aim: a centaur (inner flame)
The bolt of cold hits the centaur.
The centaur is almost dead.
You block the centaur's attack.
The centaur hits you but does no damage.
You block the centaur's attack.
Evoke which item? (* to show all) (? for menu, Esc to quit)
Zapping:
y - a wand of cold {zapped: 4}
Press: ? - help, Shift-Dir - straight line, f/p - centaur
Aim: a centaur (almost dead, inner flame)
The bolt of cold hits the centaur.
The centaur explodes!
The fiery explosion engulfs you!
* * * LOW HITPOINT WARNING * * *
The fiery explosion engulfs the centaur.
The centaur explodes!
The fiery explosion engulfs you!
Ouch! That really hurt!
You die...

#########
#############.......# #
........#§@(........# #
..[......#§###.......#######
..?c..(..§(# #.........(..##
.....(...### #.......####..'
..(.....# #.......# ####
.....(..# #..)....# #
........# #.......# #
#.###### ###.##### # . #.#


There were no monsters in sight!

Vanquished Creatures
  Pikel (D:5)
  The ghost of Frenchkiss the Ruffian, an experienced VSTm of Okawaru (D:5)
  Menkaure (D:7)
  The ghost of gigot the Ruffian, an average TrGl (D:3)
  2 centaurs
  A sky beast (D:7)
  A phantom (D:7)
  An ice beast (D:5)
  An ogre (D:6)
  5 giant frogs
  A yak skeleton (D:9)
  2 crimson imps
  4 orc priests
  2 centaur zombies (Ossuary)
  A goliath beetle (D:6)
  3 human zombies (Ossuary)
  2 jellies
  2 quasits
  A giant frog skeleton (D:9)
  3 worker ants
  3 orc wizards
  3 iguanas
  An ogre zombie (D:5)
  Ijyb (D:5)
  An ogre skeleton (D:4)
  3 mummies (Ossuary)
  9 adders
  A gnoll skeleton (D:6)
  2 giant mites
  2 worms (D:3)
  A goliath beetle zombie (D:8)
  An adder skeleton (D:7)
  2 orc skeletons (D:7)
  3 oozes
  23 orcs
  3 ball pythons
  8 giant cockroaches
  A gnoll zombie (Ossuary)
  15 goblins
  8 hobgoblins
  10 jackals
  9 kobolds
  5 quokkas
  12 bats
  2 giant geckos
  4 giant newts
  2 giant spores
  A goblin skeleton (D:3)
  A hobgoblin skeleton (D:4)
  A hobgoblin zombie (D:4)
  A jackal skeleton (D:4)
  A jackal zombie (D:3)
  A kobold zombie (Ossuary)
  An orc zombie (Ossuary)
  9 rats
  5 ballistomycetes
192 creatures vanquished.

Vanquished Creatures (others)
  An ogre (D:5)
  3 gnolls (D:5)
  2 orcs
6 creatures vanquished.

Grand Total: 198 creatures vanquished

Notes
Turn   | Place    | Note
--------------------------------------------------------------
     0 | D:1      | CrazyArbalest, the Halfling Fighter, began the quest for the Orb.
     0 | D:1      | Reached XP level 1. HP: 15/15 MP: 1/1
   144 | D:1      | Reached XP level 2. HP: 20/20 MP: 2/2
   412 | D:1      | Reached XP level 3. HP: 23/25 MP: 3/3
   679 | D:1      | Reached skill level 1 in Dodging
   823 | D:2      | Reached XP level 4. HP: 25/31 MP: 4/4
  1320 | D:2      | Reached skill level 4 in Shields
  1581 | D:3      | Noticed gigot's ghost (average TrGl)
  1735 | D:3      | Reached XP level 5. HP: 16/36 MP: 5/5
  2005 | D:3      | Noticed a human
  2025 | D:3      | Found a basalt altar of Yredelemnul.
  2640 | D:3      | Reached XP level 6. HP: 36/42 MP: 6/6
  2910 | D:3      | Reached skill level 1 in Slings
  3168 | D:3      | Killed gigot's ghost
  4006 | D:5      | Entered Level 5 of the Dungeon
  4133 | D:5      | Noticed Frenchkiss' ghost (experienced VSTm)
  4178 | D:5      | Reached XP level 7. HP: 41/46 MP: 7/7
  4402 | D:5      | Killed Frenchkiss' ghost
  4402 | D:5      | Reached skill level 6 in Slings
  4640 | D:5      | Noticed Ijyb
  4662 | D:5      | Killed Ijyb
  4701 | D:5      | Noticed Pikel
  4701 | D:5      | Noticed a slave
  4701 | D:5      | Noticed a slave
  4701 | D:5      | Noticed a slave
  4701 | D:5      | Noticed a slave
  4740 | D:5      | Killed Pikel
  4740 | D:5      | Reached skill level 9 in Slings
  4740 | D:5      | Reached XP level 8. HP: 52/52 MP: 8/8
  4753 | D:5      | Reached skill level 10 in Slings
  5065 | D:6      | Reached skill level 5 in Armour
  5181 | D:6      | Reached XP level 9. HP: 57/57 MP: 9/9
  5294 | D:6      | Reached skill level 11 in Slings
  5492 | D:6      | Found a staircase to the Ecumenical Temple.
  5514 | Temple   | Entered the Ecumenical Temple
  5762 | Temple   | Became a worshipper of Makhleb the Destroyer
  5865 | D:6      | Reached skill level 5 in Shields
  6338 | D:7      | Found a sparkling altar of Nemelex Xobeh.
  6414 | D:7      | Found a sand-covered staircase.
  6420 | Ossuary  | Entered an ossuary
  6532 | Ossuary  | Acquired Makhleb's first power
  6614 | Ossuary  | Reached skill level 12 in Slings
  6809 | D:7      | Noticed Menkaure
  7402 | D:7      | Killed Menkaure
  7402 | D:7      | Reached skill level 13 in Slings
  8221 | D:8      | Found a shattered altar of Ashenzari.
  8224 | D:8      | Acquired Makhleb's second power
  8225 | D:8      | Found a radiant altar of Vehumet.
  8226 | D:8      | Found a basalt altar of Yredelemnul.
  8228 | D:8      | Found a bloodstained altar of Trog.
  8232 | D:8      | Found a stormy altar of Qazlal.
  8887 | D:9      | Reached skill level 14 in Slings
  8898 | D:9      | Reached XP level 10. HP: 56/63 MP: 10/10
  9004 | D:9      | Killed from afar by a centaur

Action                   |  1- 3 |  4- 6 |  7- 9 | 10-12 || total
-------------------------+-------+-------+-------+-------++-------
Melee: Cutlass           |   117 |   318 |    87 |       ||   522
 Fire: Hunting sling     |       |   105 |   571 |    16 ||   692
Throw: Stone             |       |       |     1 |       ||     1
Evoke: Wand              |       |       |     7 |     1 ||     8
  Use: Potion            |       |       |     7 |       ||     7
       Scroll            |       |       |     2 |     3 ||     5
 Stab: Distracted        |       |     1 |       |       ||     1
  Eat: Chunk             |       |    11 |    11 |       ||    22
       Fruit             |       |       |     1 |       ||     1
       Pizza             |       |       |     1 |       ||     1
